 Dungeon Crawl Stone Soup version 0.27-a0-291-gd9602db6ee (webtiles) character file.

Game seed: 18394847408033700009

112 siradein the Distorting Demonspawn (level 4, 0/35 HPs)
             Began as a Demonspawn Abyssal Knight on Feb 9, 2021.
             Was a Believer of Lugonu.
             Slain by Eustachio
             ... wielding a +0 falchion
              (2 damage)
             ... on level 4 of the Dungeon.
             The game lasted 00:16:35 (3899 turns).

siradein the Distorting Demonspawn (DsAK)           Turns: 3899, Time: 00:16:35

Health: 0/35       AC:  6    Str: 13    XL:     4   Next: 64%
Magic:  6/7        EV:  9    Int: 13    God:    Lugonu [**....]
Gold:   173        SH:  0    Dex: 13    Spells: 3/3 levels left

rFire    . . .     SeeInvis .   u - +4 dagger
rCold    . . .     Faith    .   (no shield)
rNeg     . . .     Spirit   .   m - +0 scale mail
rPois    .         Reflect  .   e - +0 hat
rElec    .         Harm     .   (no cloak)
rCorr    .         Rampage  .   (no gloves)
Will     .....                  (no boots)
Stlth    ..........             (no amulet)
HPRegen  0.11/turn              (no ring)
MPRegen  0.10/turn              (no ring)

@: confused
A: horns 1, powered by death 1
a: Renounce Religion, Depart the Abyss, Bend Space


You were on level 4 of the Dungeon.
You worshipped Lugonu.
Lugonu was pleased with you.
You visited 1 branch of the dungeon, and saw 4 of its levels.
You visited the Abyss 1 time.

You collected 173 gold pieces.

Inventory:

Hand Weapons
 a - a +1 falchion
 d - a +2 whip of venom
 u - a +4 dagger (weapon)
Armour
 e - a +0 hat (worn)
 m - a +0 scale mail (worn)
Wands
 n - a wand of random effects (39)
Scrolls
 b - 2 scrolls of enchant weapon {unknown}
 c - 8 scrolls of remove curse
 i - 2 scrolls of enchant armour {unknown}
 j - 4 scrolls of identify {unknown}
 l - a scroll of fog {unknown}
 p - a scroll of noise {unknown}
 r - a scroll of teleportation {unknown}
 t - a scroll of blinking {unknown}
Potions
 f - a potion of flight {unknown}
 g - a potion of heal wounds {unknown}
 h - a potion of degeneration {unknown}
 k - 3 potions of curing {unknown}
 o - a potion of attraction {unknown}
 q - a potion of berserk rage {unknown}
 s - a potion of cancellation {unknown}
 v - a potion of lignification {unknown}


   Skills:
 - Level 3.0 Fighting
 + Level 3.4 Long Blades
 - Level 1.7 Armour
 - Level 0.8 Dodging
 + Level 4.7 Invocations


You had 3 spell levels left.
You didn't know any spells.
Your spell library was empty.

Dungeon Overview and Level Annotations

Branches:
Dungeon (4/15)
 Temple: D:4-7

Altars:

Annotations:
D:2 1 runed translucent door, Crazy Yiuf
D:4 Eustachio


Innate Abilities, Weirdness & Mutations

You have a pair of small horns on your head.
You regenerate a little health from kills.


Message History

The orc priest mumbles some strange prayers to Beogh against you.
Beogh smites you!
The orc wizard points at you and mumbles some strange words.
The puff of flame hits you!
* * * LOW HITPOINT WARNING * * *
Space bends around you!
You blink.
Eustachio the Magnificent comes into view.
He is wielding a +0 falchion.
Eustachio shouts!
The orc wizard points at itself and mumbles some strange words.
The orc wizard flickers and vanishes!
Found a stone staircase leading down.
A worm comes into view.
You are confused.
Eustachio hits you with a +0 falchion.
* * * LOW HITPOINT WARNING * * *
You barely miss Eustachio. Eustachio barely misses you.
You are more confused.
A magic dart appears from out of thin air!
The magic dart hits something.
Eustachio hits you with a +0 falchion.
You die...

.......
.......
.......
....>..
###....w..
#.#.......
#.@.......
#@.######
#..#
#.......#
#.#####.#
#.# #.# .
#.# o. #.#
#.#. #{#
.o...


You could see Eustachio and a worm.

Vanquished Creatures
  Robin (D:4)
  A gnoll (D:2)
  2 oozes
  A worm (D:4)
  A dart slug (D:4)
  7 orcs
  3 giant cockroaches
  17 goblins
  8 hobgoblins
  4 kobolds
  2 quokkas
  9 bats
  4 frilled lizards
  6 rats
66 creatures vanquished.

Notes
Turn   | Place    | Note
-------+----------+-------------------------------------------
     0 | Abyss:1  | siradein the Demonspawn Abyssal Knight began the quest for
                  | the Orb.
     0 | Abyss:1  | Reached XP level 1. HP: 18/18 MP: 2/2
    71 | Abyss:1  | Found a corrupted altar of Lugonu.
    89 | Abyss:1  | Found a corrupted altar of Lugonu.
    99 | Abyss:1  | Found a corrupted altar of Lugonu.
   125 | Abyss:1  | Noticed a thrashing horror
   128 | D:1      | Escaped the Abyss
   330 | D:1      | Reached * piety under Lugonu
   574 | D:1      | Reached skill level 3 in Invocations
   579 | D:1      | Gained mutation: You regenerate a little health from kills.
                  | [demonic ancestry]
   579 | D:1      | Reached XP level 2. HP: 15/24 MP: 2/4
  1524 | D:2      | Reached XP level 3. HP: 6/29 MP: 5/5
  2308 | D:2      | Found a runed translucent door.
  2309 | D:2      | Noticed Crazy Yiuf
  2685 | D:3      | Reached skill level 4 in Invocations
  3215 | D:3      | Reached ** piety under Lugonu
  3487 | D:4      | Gained mutation: You have a pair of small horns on your
                  | head. [demonic ancestry]
  3487 | D:4      | Reached XP level 4. HP: 35/35 MP: 7/7
  3753 | D:4      | Noticed Robin
  3775 | D:4      | Killed Robin
  3895 | D:4      | Noticed Eustachio
  3899 | D:4      | Slain by Eustachio

Illustrated notes

Levels and vault maps discovered:
D:1:      amcnicky_arrival_single_pillar, layout_basic, minmay_tree_intersection
D:2:      layout_rooms, fedhas_altar_4, uniq_crazy_yiuf_cottage
D:3:      layout_basic
D:4:      layout_rooms, nemelex_spade_bored_becter, uniq_eustachio, uniq_robin,
          uniq_pikel

Skill      XL: |  1  2  3 |
---------------+----------+-----
Long Blades    | 2 3 |  3.4
Invocations    | 3 4 |  4.7
Fighting       | |  3.0
Armour         | |  1.7
Dodging        | |  0.8

Action                   |  1- 3 |  4- 6 || total
-------------------------+-------+-------++-------
Melee: Whip              |    35 |       ||    35
       Falchion          |    80 |    35 ||   115
       Dagger            |       |    41 ||    41
       Headbutt          |       |    12 ||    12
Invok: Depart the Abyss  |     1 |       ||     1
       Bend Space        |       |     1 ||     1
  Use: Scroll            |     1 |       ||     1
Armor: Leather armour    |    16 |       ||    16
       Scale mail        |    19 |    29 ||    48
Dodge: Dodged            |    59 |    33 ||    92
       Rpst.: Falchion   |    13 |     4 ||    17

Table legend: (Time is in decaauts)
 A = Elapsed time spent in this place.
 B = Non-inter-level travel time spent in this place.
 C = Inter-level travel time spent in this place.
 D = Time resting spent in this place.
 E = Time spent auto-exploring this place.
 F = Levels seen in this place.
 G = Mean time per level.
                   A        B        C        D        E       F      G
               +--------+--------+--------+--------+--------+-----+--------+
         Total |   3914 |   3840 |     74 |    393 |   2574 |   5 |  782.8 |
       Dungeon |   3786 |   3712 |     74 |    393 |   2574 |   4 |  946.5 |
         Abyss |    128 |    128 |      0 |      0 |      0 |   1 |  128.0 |
               +--------+--------+--------+--------+--------+-----+--------+

Top non-repeatable levels by time:
     D:1: 1779 daAuts
     D:3: 812 daAuts
     D:2: 771 daAuts
     D:4: 422 daAuts
 Abyss:1: 128 daAuts
